 Dungeon Crawl Stone Soup version 0.27-a0-637-g3a9f0a9c12 (webtiles) character file.

Game seed: 11571614215751575216

679 Johnny the Magician (level 7, -8/43 HPs)
             Began as a Deep Elf Earth Elementalist on Mar 14, 2021.
             Mangled by a kobold brigand
             ... wielding a +1 short sword of protection
              (10 damage)
             ... in a sewer.
             The game lasted 00:04:42 (4766 turns).

Johnny the Magician (Deep Elf Earth Elementalist)   Turns: 4766, Time: 00:04:43

Health: -8/43      AC:  3    Str:  5    XL:     7   Next: 34%
Magic:  4/17       EV: 12    Int: 22    God:
Gold:   212        SH:  0    Dex: 15    Spells: 13/17 levels left

rFire    + . .     SeeInvis .   q - staff of earth
rCold    + . .     Faith    .   (no shield)
rNeg     . . .     Spirit   .   c - +0 robe
rPois    +         Reflect  .   (no helmet)
rElec    +         Harm     .   (no cloak)
rCorr    +         Rampage  .   (no gloves)
Will     .....                  r - +0 pair of boots
Stlth    ++........             (no amulet)
HPRegen  0.14/turn              (no ring)
MPRegen  0.15/turn              (no ring)

@: lethally poisoned (-8 -> -15), resistant, berserk cooldown, attractive,
slowed, very slow
A: no striking features
a: no special abilities


You were in a sewer.
You visited 1 branch of the dungeon, and saw 4 of its levels.
You also visited: Sewer.

You collected 212 gold pieces.

Inventory:

Armour
 c - a +0 robe (worn)
 r - a +0 pair of boots (worn)
 t - a +0 buckler
Magical Staves
 q - a staff of earth (weapon)
Jewellery
 l - a ring of ice
 v - a ring of fire
 w - an amulet of the acrobat
Scrolls
 a - 2 scrolls of fear {unknown}
 f - 4 scrolls of identify {unknown}
 g - 2 scrolls of enchant weapon {unknown}
 k - a scroll of enchant armour {unknown}
 n - a scroll of noise {unknown}
 o - a scroll of teleportation {unknown}
 y - a scroll of amnesia {unknown}
 z - a scroll of magic mapping {unknown}
Potions
 d - a potion of berserk rage
 e - a potion of attraction
 h - a potion of resistance
 i - 2 potions of cancellation {unknown}
 j - a potion of flight {unknown}
 m - a potion of curing {unknown}
 p - 2 potions of heal wounds {unknown}
 s - a potion of mutation {unknown}
 u - a potion of haste {unknown}
 x - a potion of lignification {unknown}


   Skills:
 * Level 4.2 Fighting
 - Level 2.4 Dodging
 - Level 2.4 Stealth
 + Level 2.3 Shields
 + Level 5.5 Spellcasting
 - Level 1.1 Transmutations
 + Level 5.2 Earth Magic


You had 13 spell levels left.
You knew the following spells:

 Your Spells              Type           Power      Damage    Failure   Level
a - Sandblast             Erth           86%        2d18      1%          1
b - Stone Arrow           Conj/Erth      52%        3d10      10%         3

Your spell library contained the following spells:

 Spells                   Type           Power      Damage    Failure   Level
 Passwall                 Tmut/Erth      25%        N/A       4%          2
 Petrify                  Tmut/Erth      30%        N/A       26%         4
 Lee's Rapid Deconstruct  Erth           21%        3d13*     30%         5


Dungeon Overview and Level Annotations

Branches:
Dungeon (4/15)              Sewer (1/1)
 Temple: D:4-7

Altars:
Ashenzari
Xom
Zin

Annotations:
D:3 2 runed translucent doors, Zero's ghost, weakling SpEn
D:4 1 runed translucent door, Crazy Yiuf


Message History

The kobold brigand is lightly wounded.
You feel sick.
You are no longer poisoned.
The kobold brigand completely misses you.
The kobold brigand hits you with a +1 short sword of protection!
* * * LOW HITPOINT WARNING * * *
Casting: Stone Arrow (dangerous; 10% risk of failure)
Confirm with . or Enter, or press ? or * to list all spells.
Okay, then.
The kobold brigand throws a poisoned dart.
The poisoned dart hits you!
You are lethally poisoned!
It was a potion of berserk rage.
A red film seems to cover your vision as you go berserk!
You feel yourself moving faster!
You feel mighty!
You feel sick.
You feel a strong urge to attack something.
You feel sick.
You feel your anger nearly subside.
You are no longer berserk.
You are exhausted.
You feel yourself slow down.
* * * LOW HITPOINT WARNING * * *
You feel sick.
The kobold brigand throws a poisoned dart.
The poisoned dart closely misses you.
* * * LOW HITPOINT WARNING * * *
You feel sick.
It was a potion of attraction.
You feel attractive to monsters.
* * * LOW HITPOINT WARNING * * *
You feel sick.
The kobold brigand throws a poisoned dart.
The poisoned dart hits you.
You are more poisoned.
The kobold brigand is pulled toward you!
It was a potion of resistance.
You feel protected.
* * * LOW HITPOINT WARNING * * *
You feel sick.
The kobold brigand hits you with a +1 short sword of protection!
You die...

≈≈≈ #################≈≈≈
#≈≈≈≈≈≈≈≈≈≈≈≈≈≈≈≈≈≈≈
#≈≈≈≈≈≈≈≈≈≈≈≈≈≈≈≈≈≈≈
#≈≈≈≈≈≈≈≈≈≈≈≈≈≈≈≈≈≈≈
###'########≈≈##########
#...#.??.#)P≈≈≈≈........
#.∩.#!∩†.'..≈P≈≈........
#.∩.#?...))....K@.......
#####....#..............
########............
#.##.....#### ##########


You could see a kobold brigand.

Vanquished Creatures
  Sigmund (D:3)
  Eustachio (D:4)
  A howler monkey (D:4)
  A hound (D:4)
  A centaur skeleton (D:4)
  Natasha (thrice) (D:4)
  An orc wizard (D:3)
  A hound skeleton (D:4)
  A river rat (D:4)
  8 adders
  An ooze (Sewer)
  4 worms
  A dart slug (D:1)
  3 leopard geckos
  4 orcs (D:3)
  6 bats
  2 giant cockroaches (D:2)
  5 goblins
  12 hobgoblins
  6 jackals
  7 kobolds
  A quokka (D:3)
  6 frilled lizards
  8 rats
85 creatures vanquished.

Vanquished Creatures (others)
  25 plants (D:3)
25 creatures vanquished.

Grand Total: 110 creatures vanquished

Notes
Turn   | Place    | Note
-------+----------+-------------------------------------------
     0 | D:1      | Johnny the Deep Elf Earth Elementalist began the quest for
                  | the Orb.
     0 | D:1      | Reached XP level 1. HP: 10/10 MP: 6/6
   539 | D:1      | Reached XP level 2. HP: 16/16 MP: 6/8
   577 | D:1      | You fall into a shaft and drop 1 floor!
   585 | D:2      | Reached skill level 1 in Fighting
   625 | D:2      | Found a glowing silver altar of Zin.
   637 | D:2      | Noticed an angel
   642 | D:2      | Found a shimmering altar of Xom.
   967 | D:2      | Reached XP level 3. HP: 13/20 MP: 6/10
  1368 | D:2      | Found a broken altar of Ashenzari.
  1634 | D:2      | Reached XP level 4. HP: 22/26 MP: 8/11
  2652 | D:3      | Noticed Sigmund
  2674 | D:3      | Killed Sigmund
  2675 | D:3      | Reached skill level 1 in Shields
  2675 | D:3      | Reached XP level 5. HP: 16/32 MP: 8/13
  3019 | D:3      | Reached XP level 6. HP: 37/37 MP: 11/15
  3382 | D:3      | Learned a level 3 spell: Stone Arrow
  3479 | D:3      | Found a large runed translucent door.
  3479 | D:3      | Found a large runed translucent door.
  3479 | D:3      | Noticed Zero's ghost (weakling SpEn)
  3892 | D:4      | Noticed Eustachio
  3896 | D:4      | Killed Eustachio
  3897 | D:4      | Reached skill level 5 in Spellcasting
  4087 | D:4      | Noticed Natasha
  4090 | D:4      | Killed Natasha
  4169 | D:4      | Reached skill level 5 in Earth Magic
  4169 | D:4      | Reached XP level 7. HP: 40/42 MP: 9/16
  4242 | D:4      | Found a runed translucent door.
  4243 | D:4      | Noticed Crazy Yiuf
  4304 | D:4      | Noticed Natasha
  4305 | D:4      | Killed Natasha
  4339 | D:4      | Noticed Natasha
  4344 | D:4      | Killed Natasha
  4611 | D:4      | Found a glowing drain.
  4615 | Sewer    | Entered a sewer
  4766 | Sewer    | HP: 2/43 [poisoned by a kobold brigand]
  4766 | Sewer    | Mangled by a kobold brigand

Illustrated notes

Levels and vault maps discovered:
D:1:      shiori_arrival_oz, layout_loops_ring, hangedman_glass_teeth,
          serial_bayou_crossing
D:2:      layout_rooms, grunt_temple_overflow_order_and_chaos_1,
          ashenzari_altar_1, minmay_fractal_squares_gapless_5
D:3:      layout_basic, ebering_ghost_disaster_area, hex_tiny,
          skrybe_limestone_x, serial_bayou_lagoon_a, uniq_sigmund
D:4:      layout_loops_corners, nicolae_dithmenos_the_darkroom,
          lightli_sewer_entry_pipes, corexii_leaking_fountain,
          minmay_fountain_box, uniq_robin, uniq_natasha, uniq_eustachio,
          uniq_crazy_yiuf_cottage
Sewer:    kennysheep_pipe_town

Skill      XL: |  1  2  3  4  5  6  7 |
---------------+----------------------+-----
Fighting       | 1 2 3 4 |  4.2
Earth Magic    | 4 5 |  5.2
Spellcasting   | 4 5 |  5.5
Shields        | 1 2 |  2.3
Dodging        | |  2.4
Stealth        | |  2.4
Transmutations | |  1.1

Action                   |  1- 3 |  4- 6 |  7- 9 || total
-------------------------+-------+-------+-------++-------
Melee: Dagger            |    39 |     4 |       ||    43
       Unarmed           |     1 |       |       ||     1
       Staff             |       |    50 |    21 ||    71
 Cast: Sandblast         |    44 |    42 |     6 ||    92
       Stone Arrow       |       |     9 |    21 ||    30
  Use: Potion            |       |       |     3 ||     3
 Stab: Sleeping          |       |     1 |       ||     1
Armor: Robe              |     6 |    20 |     6 ||    32
Dodge: Dodged            |    41 |    53 |    25 ||   119

Table legend: (Time is in decaauts)
 A = Elapsed time spent in this place.
 B = Non-inter-level travel time spent in this place.
 C = Inter-level travel time spent in this place.
 D = Time resting spent in this place.
 E = Time spent auto-exploring this place.
 F = Levels seen in this place.
 G = Mean time per level.
                   A        B        C        D        E       F      G
               +--------+--------+--------+--------+--------+-----+--------+
         Total |   4816 |   4716 |    100 |    500 |   3607 |   5 |  963.2 |
       Dungeon |   4654 |   4554 |    100 |    500 |   3487 |   4 | 1163.5 |
         Sewer |    162 |    162 |      0 |      0 |    120 |   1 |  162.0 |
               +--------+--------+--------+--------+--------+-----+--------+

Top non-repeatable levels by time:
     D:2: 1486 daAuts
     D:3: 1299 daAuts
     D:1: 1134 daAuts
     D:4: 733 daAuts
   Sewer: 162 daAuts
